 Dungeon Crawl Stone Soup version 0.18.1-8-gdd0e5ea (webtiles) character file.

50 HungrySpirit the Ruffian (level 3, 0/36 HPs)
             Began as a Troll Skald on May 21, 2016.
             Slain by an adder (2 damage)
             ... on level 3 of the Dungeon.
             The game lasted 00:02:11 (1461 turns).

HungrySpirit the Ruffian (Troll Skald)              Turns: 1461, Time: 00:02:11

Health: 0/36       AC:  6    Str: 21    XL:     3   Next: 55%
Magic:  3/3        EV:  9    Int:  8    God:
Gold:   106        SH:  0    Dex:  9    Spells: 1 memorised, 3 levels left

rFire  . . .     SeeInvis .       - Unarmed
rCold  . . .     Gourm    +     a - +0 robe
rNeg   . . .     Faith    .     (no shield)
rPois  .         Spirit   .     (helmet restricted)
rElec  .         Dismiss  .     l - +0 cloak
rCorr  .         Reflect  .     (gloves unavailable)
SustAt .         Harm     .     (boots unavailable)
MR     .....                    (no amulet)
Stlth  +.........               (no ring)
                                (no ring)

@: hasted, very quick, not resistant to hostile enchantments, very unstealthy
A: unfitting armour, claws 3, fast metabolism 3, gourmand, regeneration 2,
shaggy fur 1, tough skin 2
a: no special abilities


You were on level 3 of the Dungeon.
You were very full.

You visited 1 branch of the dungeon, and saw 3 of its levels.

You collected 106 gold pieces.

Inventory:

Armour
 a - a +0 robe (worn)
 f - a +0 shield
 l - a +0 cloak (worn)
Scrolls
 d - 3 scrolls of identify {unknown}
 g - a scroll of fog {unknown}
 i - a scroll of teleportation {unknown}
 j - a scroll of enchant armour {unknown}
 m - a scroll of remove curse {unknown}
 r - a scroll of magic mapping {unknown}
Potions
 e - a potion of degeneration {unknown}
 n - a potion of agility {unknown}
 o - 3 potions of heal wounds {unknown}
 p - a potion of magic {unknown}
 q - 2 potions of curing {unknown}
Books
 b - a book of Battle

   Spells                             Type                      Level
   a - Infusion                       Charms                       1
   b - Shroud of Golubria             Charms/Translocation         2
   c - Song of Slaying                Charms                       2
   d - Spectral Weapon                Hexes/Charms                 3
   e - Regeneration                   Charms/Necromancy            3
Comestibles
 c - 5 bread rations
 h - a meat ration


   Skills:
 + Level 2.4 Fighting
 - Level 1.2 Dodging
 * Level 3.2 Unarmed Combat
 - Level 1.2 Spellcasting
 - Level 2.0 Charms


You had 3 spell levels left.
You knew the following spells:

 Your Spells              Type           Power        Failure   Level  Hunger
a - Infusion              Chrm           #...         21%         1    ##.....


Dungeon Overview and Level Annotations

Branches:
Dungeon (3/15)

Altars:
Fedhas
Nemelex Xobeh
Zin

Annotations:
D:3 Sigmund


Innate Abilities, Weirdness & Mutations

You are too large for most types of armour.
You have claws for hands.
Your metabolism is lightning-fast.
You like to eat raw meat.
You heal very quickly.
You are covered in fur (AC +1).
You have very tough skin (AC +2).


Message History

Sigmund is moderately wounded.
The bat hits you but does no damage. The adder bites you.
Sigmund gestures wildly while chanting.
Sigmund flickers and vanishes!
Deactivating autopickup; reactivate with Ctrl-A.
Unknown command.
You closely miss something. Your claw misses something.
The bat closely misses you. The adder bites you but does no damage.
Something hits you!
Unknown command.
You scratch something. The bat hits you but does no damage.
The adder barely misses you. The adder bites you.
* * * LOW HITPOINT WARNING * * *
Unknown command.
Drink which item? (? for menu, Esc to quit)
It was a potion of haste.
You feel yourself speed up. The bat barely misses you. Something hits you.
* * * LOW HITPOINT WARNING * * *
The adder bites you.
You die...

..###......###+####
..'.+...........###
..###(..(....(.)..#
#......^..........#
...............)..#
......##........###
......##........###
......###.........###
#+#...# #.....b.@...#
...# #......S{...#
#### #..............>
###............#
..............#
.........#######
.........# ........#


You could see an adder and a bat.

Vanquished Creatures
  2 oozes
  2 dart slugs
  2 worms
  A goblin (D:2)
  7 hobgoblins
  2 kobolds
  A quokka (D:2)
  6 bats
  4 giant newts
  6 rats
33 creatures vanquished.

Notes
Turn   | Place    | Note
--------------------------------------------------------------
     0 | D:1      | HungrySpirit the Troll Skald began the quest for the Orb.
     0 | D:1      | Reached XP level 1. HP: 19/19 MP: 1/1
   288 | D:1      | Reached XP level 2. HP: 28/28 MP: 2/2
   787 | D:2      | Found a glowing silver altar of Zin.
   787 | D:2      | Found a blossoming altar of Fedhas.
   823 | D:2      | Reached XP level 3. HP: 35/35 MP: 3/3
  1076 | D:2      | Reached skill level 3 in Unarmed Combat
  1118 | D:2      | Found a sparkling altar of Nemelex Xobeh.
  1451 | D:3      | Noticed Sigmund
  1461 | D:3      | Slain by an adder

Skill      XL: |  1  2  3 |
---------------+----------+-----
Fighting       | 2 |  2.4
Unarmed Combat | 3 |  3.2
Dodging        | |  1.2
Spellcasting   | |  1.2
Charms         | |  2.0

Action                   || total
-------------------------++-------
Melee: Unarmed           ||   114
  Use: Potion            ||     1
  Eat: Chunk             ||    18
Armor: Robe              ||    50
Dodge: Dodged            ||    71
